 Dungeon Crawl Stone Soup version 0.15.0-18-g9076a4f (webtiles) character file.

10271 Johnny the Quickloader (level 11, -10/87 HPs)
             Began as a Formicid Hunter on Sept 7, 2014.
             Was a Follower of Qazlal.
             Mangled by a crocodile (20 damage)
             ... on Level 3 of the Lair of Beasts.
             The game lasted 00:37:11 (12556 turns).

Johnny the Quickloader (Formicid Hunter)           Turns: 12556, Time: 00:37:11

HP -10/87        AC 16     Str 21      XL: 11   Next: 89%
MP  19/23        EV  6     Int 10      God: Qazlal [*.....]
Gold 372         SH  2     Dex 17      Spells:  0 memorised, 10 levels left

rFire  . . .     SeeInvis +     u - +5 quarterstaff (chaos)
rCold  + . .     Clarity  .     r - +0 plate armour
rNeg   + . .     rCorr    .     (no shield)
rPois  .         rRot     .     (helmet unavailable)
rElec  .         Spirit   .     z - +0 cloak
SustAb .         Warding  +     (no gloves)
rMut   .         Stasis   +     (no boots)
Gourm  .                        D - amulet of warding
MR     +....                    U - +2 ring of protection
                                I - ring of Joy {rC+ Str+3 Dex+3}

@: somewhat resistant to hostile enchantments, extremely unstealthy
A: permanent stasis, dig shafts and tunnels, four strong arms, antennae 3
a: Dig, Shaft Self, Renounce Religion


You were on level 3 of the Lair of Beasts.
You worshipped Qazlal.
Qazlal was aware of your devotion.
You were not hungry.

You visited 3 branches of the dungeon, and saw 13 of its levels.
You also visited: Ossuary.

You collected 561 gold pieces.
You spent 189 gold pieces at shops.

Inventory:

Hand weapons
 b - a +1 hand crossbow
 m - a +4 whip of venom
 u - a +5 quarterstaff of chaos (weapon)
 E - a cursed +0 vampiric spear
 S - a +2 shortbow of flaming
Missiles
 c - 18 bolts
 A - 13 bolts of penetration
Armour
 r - a +0 plate armour (worn)
 z - a +0 cloak (worn)
Magical devices
 k - a wand of cold (0)
 Q - a wand of slowing (5)
 R - a wand of digging (0)
Comestibles
 h - 3 meat rations
Scrolls
 o - a scroll of remove curse
 B - 3 scrolls of enchant armour
 G - a scroll of fog
 M - 2 scrolls of magic mapping
Jewellery
 D - an amulet of warding (around neck)
 I - the ring of Joy (left hand) {rC+ Str+3 Dex+3}
   (You bought it in a shop on level 7 of the Dungeon)

   [ring of protection from cold]

   It affects your strength (+3).
   It affects your dexterity (+3).
   It protects you from cold.
 U - a +2 ring of protection (right hand)
 X - an uncursed ring of positive energy
Potions
 f - 2 potions of brilliance
 l - 4 potions of restore abilities
 p - 3 potions of magic
 x - 3 potions of haste
 H - a potion of cancellation
 J - a potion of cure mutation {unknown}
 K - 2 potions of lignification {unknown}
 W - a potion of berserk rage {unknown}
 Y - a potion of might
Books
 a - a book of Power

   Spells                             Type                      Level
   Fulminant Prism                    Conjuration/Hexes            4
   Iskenderun's Mystic Blast          Conjuration                  4
   Venom Bolt                         Conjuration/Poison           5
   Bolt of Magma                      Conjuration/Fire/Earth       5
   Iron Shot                          Conjuration/Earth            6
   Orb of Destruction                 Conjuration                  7
 O - a book of Alchemy

   Spells                             Type                      Level
   Sublimation of Blood               Necromancy                   2
   Alistair's Intoxication            Transmutation/Poison         4
   Condensation Shield                Ice                          4
   Petrify                            Transmutation/Earth          4
   Ignite Poison                      Fire/Transmutation           5


   Skills:
 * Level 8.8 Fighting
 - Level 2.4(4.3) Maces & Flails
 * Level 5.7(6.0) Staves
 - Level 0.2 Bows
 * Level 9.1 Crossbows
 * Level 6.1 Armour
 * Level 7.2 Dodging
 - Level 1.2 Stealth
 * Level 6.3 Invocations
 * Level 6.5 Evocations


You had 10 spell levels left.
You didn't know any spells.

Dungeon Overview and Level Annotations

Branches:
Dungeon (9/15)             Temple (1/1) D:6             Orc (0/4) D:9
   Lair (3/8) D:8
  Swamp: Lair:3-6    Shoals: Lair:3-6     Snake: Lair:3-6    Spider: Lair:3-6

Altars:
Ashenzari
Cheibriados
Dithmenos
Elyvilon
Fedhas
Kikubaaqudgha
Makhleb
Nemelex Xobeh
Okawaru
Qazlal
Sif Muna
Trog
Vehumet
Xom
Yredelemnul
Zin
The Shining One
Lugonu

Shops:
D:7 *   D:8 %

Annotations:
Lair:2 Fannar


Innate Abilities, Weirdness & Mutations

Your are under a permanent stasis effect.
You can dig through walls and to a lower floor.
Your four strong arms can wield two-handed weapons with a shield.
You have a pair of large antennae on your head (SInv).


Message History

You can no longer call upon nature to destroy your foes.
The crocodile barely misses you.
The crocodile bites you but does no damage.
Drink which item? (? for menu, Esc to quit)
Okay, then.
Read which item? (? for menu, Esc to quit)
Okay, then.
Evoke which item? (* to show all) (? for menu, Esc to quit)
Zapping:
k - a wand of cold (1)
Press: ? - help, Shift-Dir - straight line, f - crocodile
Aim: a crocodile (heavily wounded, berserk, fast, unusually strong)
The bolt of cold misses the crocodile.
This wand has 0 charges left.
You block the crocodile's attack.
The crocodile bites you but does no damage.
Evoke which item? (* to show all) (? for menu, Esc to quit)
Zapping:
Q - a wand of slowing {zapped: 4}
Press: ? - help, Shift-Dir - straight line, f/p - crocodile
Aim: a crocodile (heavily wounded, berserk, fast, unusually strong)
The crocodile seems to slow down.
The crocodile bites you!!
You die...

. #........... #.
...##......#.#.. ##..
...##.....#.##.. ...
#................ #
..##... #.....>.....
#. ...... #.....#.$.%.
##. ... .##...?.......
#...#.# #.#.....#.#.#.
#....@###.#......#....
##....t...............
#####.#.#P####...####
####### ##P## ###


You could see a crocodile (berserk).

Vanquished Creatures
  The ghost of hackum the Covert, an experienced HaBe of Trog (D:9)
  Erolcha (D:8)
  Pikel (D:8)
  Maurice (D:8)
  Psyche (D:8)
  2 spiny frogs
  Grinder (D:3)
  A two-headed ogre (D:8)
  A trapdoor spider zombie (D:9)
  4 blink frogs (Lair:1)
  2 yaks
  A deep elf mage (D:9)
  A deep elf fighter (D:8)
  2 hippogriffs
  Edmund (D:8)
  Menkaure (Ossuary)
  3 water moccasins (Lair:1)
  3 porcupines (Lair:1)
  4 orc warriors
  A yellow wasp (D:9)
  A slave (D:8)
  2 black bears
  6 ice beasts
  A sky beast (D:7)
  A necrophage (D:8)
  A crocodile (D:8)
  3 centaurs
  Sigmund (D:3)
  5 giant frogs
  2 scorpions
  11 killer bees
  12 jellies
  A crimson imp (D:7)
  2 orc priests
  A centaur zombie (D:7)
  5 hounds
  Crazy Yiuf (D:3)
  A centaur skeleton (D:6)
  9 orc wizards
  5 worker ants
  7 iguanas
  Natasha (D:3)
  Ijyb (D:3)
  2 big kobold zombies
  A big kobold skeleton (D:7)
  A worker ant zombie (D:8)
  3 mummies (Ossuary)
  A green rat (D:8)
  7 gnolls
  9 adders
  2 giant mites
  4 worms
  An adder skeleton (D:4)
  An ooze (D:2)
  41 orcs
  2 ball pythons
  A bat skeleton (D:6)
  10 giant cockroaches
  12 hobgoblins
  12 jackals
  20 bats
  10 giant geckos
  5 giant newts
  7 gnoll skeletons (Ossuary)
  2 gnoll zombies (D:6)
  9 goblins
  2 goblin skeletons (Ossuary)
  6 goblin zombies (Ossuary)
  2 hobgoblin skeletons
  5 hobgoblin zombies (Ossuary)
  12 kobolds
  A kobold skeleton (D:5)
  2 kobold zombies (Ossuary)
  4 orc zombies
  5 quokkas
  A quokka zombie (D:7)
  20 rats
  2 rat skeletons (Ossuary)
  2 rat zombies (Ossuary)
  5 ballistomycetes (D:8)
  4 fungi (D:8)
  2 plants (D:8)
351 creatures vanquished.

Vanquished Creatures (collateral kills)
  A basilisk (Lair:1)
1 creature vanquished.

Vanquished Creatures (others)
  A slave (D:8)
  A gnoll (D:8)
  An orc (D:8)
  A giant spore (D:8)
  2 gnoll skeletons (Ossuary)
  3 goblin skeletons (Ossuary)
  A hobgoblin skeleton (Ossuary)
  4 hobgoblin zombies (Ossuary)
  2 kobold skeletons (Ossuary)
  An orc skeleton (Ossuary)
  2 orc zombies (Ossuary)
  4 rat skeletons (Ossuary)
  2 rat zombies
  A plant (D:8)
26 creatures vanquished.

Grand Total: 378 creatures vanquished

Notes
Turn   | Place    | Note
--------------------------------------------------------------
     0 | D:1      | Johnny, the Formicid Hunter, began the quest for the Orb.
     0 | D:1      | Reached XP level 1. HP: 15/15 MP: 1/1
   160 | D:1      | Reached XP level 2. HP: 14/21 MP: 3/3
   913 | D:2      | Reached XP level 3. HP: 26/26 MP: 4/4
   972 | D:2      | Reached XP level 4. HP: 12/33 MP: 5/5
  1595 | D:2      | Reached XP level 5. HP: 28/39 MP: 7/7
  1643 | D:2      | Found a deep blue altar of Sif Muna.
  1666 | D:2      | Found an iron altar of Okawaru.
  1889 | D:3      | Noticed Grinder
  1903 | D:3      | HP: 1/39 [Grinder (3)]
  1912 | D:3      | Killed Grinder
  1912 | D:3      | Reached skill level 5 in Crossbows
  1912 | D:3      | Reached XP level 6. HP: 10/48 MP: 8/8
  2297 | D:3      | Reached XP level 7. HP: 52/54 MP: 9/9
  2467 | D:3      | Reached skill level 1 in Maces & Flails
  2679 | D:3      | Noticed Sigmund
  2697 | D:3      | Killed Sigmund
  2950 | D:3      | Noticed Natasha
  2957 | D:3      | Killed Natasha
  2998 | D:3      | Noticed Ijyb
  3004 | D:3      | Killed Ijyb
  3071 | D:3      | Noticed Crazy Yiuf
  3090 | D:3      | Killed Crazy Yiuf
  3350 | D:4      | Reached skill level 6 in Crossbows
  3739 | D:4      | Reached XP level 8. HP: 42/61 MP: 11/11
  3979 | D:5      | Entered Level 5 of the Dungeon
  4030 | D:5      | Found a sand-covered staircase.
  4035 | Ossuary  | Entered an ossuary
  4272 | Ossuary  | Noticed Menkaure
  4280 | Ossuary  | Killed Menkaure
  4280 | Ossuary  | Reached skill level 5 in Fighting
  4712 | D:5      | Reached skill level 1 in Staves
  5147 | D:6      | Reached skill level 5 in Dodging
  5383 | D:6      | Found a staircase to the Ecumenical Temple.
  5601 | D:6      | Found a basalt altar of Yredelemnul.
  5691 | D:6      | Reached skill level 7 in Crossbows
  5691 | D:6      | Reached XP level 9. HP: 56/69 MP: 12/12
  5697 | Temple   | Entered the Ecumenical Temple
  5719 | Temple   | Became a worshipper of Qazlal Stormbringer
  5916 | D:7      | HP: 1/69 [centaur (4)]
  5925 | D:7      | Reached skill level 1 in Armour
  5925 | D:7      | Reached skill level 1 in Invocations
  5925 | D:7      | Reached skill level 1 in Evocations
  6248 | D:7      | Found Frymam's Assorted Antiques.
  6255 | D:7      | Bought a faintly glowing golden ring for 105 gold pieces
  6620 | D:6      | HP: 3/71 [bat (1)]
  6998 | D:7      | Found a shattered altar of Ashenzari.
  6998 | D:7      | Found a glowing silver altar of Zin.
  7099 | D:7      | Found a radiant altar of Vehumet.
  7227 | D:7      | Acquired Qazlal's first power
  7398 | D:7      | Found a sparkling altar of Nemelex Xobeh.
  7413 | D:7      | Reached XP level 10. HP: 49/77 MP: 18/18
  7876 | D:8      | Noticed Maurice
  7909 | D:8      | Killed Maurice
  8154 | D:8      | Noticed Edmund
  8159 | D:8      | Noticed Erolcha
  8206 | D:8      | Noticed Psyche
  8280 | D:7      | Bought 2 potions of curing for 84 gold pieces
  8298 | D:8      | Acquired Qazlal's second power
  8352 | D:8      | Identified the ring of Joy {rC+ Str+3 Dex+3} (You bought it in a shop on level 7 of the Dungeon)
  8514 | D:8      | Killed Psyche
  8514 | D:8      | Reached skill level 8 in Crossbows
  8654 | D:8      | Found a staircase to the Lair.
  8718 | D:8      | Killed Edmund
  9122 | D:8      | Noticed Pikel
  9145 | D:8      | Killed Pikel
  9145 | D:8      | Reached skill level 5 in Invocations
  9145 | D:8      | Reached skill level 5 in Evocations
  9267 | D:8      | Found a glowing golden altar of the Shining One.
  9391 | D:8      | Reached XP level 11. HP: 86/86 MP: 21/21
  9406 | D:8      | Acquired Qazlal's third power
  9415 | D:8      | Found Igueh's Food Shoppe.
  9566 | D:8      | Killed Erolcha
  9566 | D:8      | Reached skill level 5 in Armour
  9929 | D:9      | Noticed hackum's ghost (experienced HaBe)
  9943 | D:9      | Killed hackum's ghost
  9943 | D:9      | Reached skill level 5 in Staves
 10418 | D:9      | Found a staircase to the Orcish Mines.
 11350 | Lair:1   | Entered Level 1 of the Lair of Beasts
 11826 | Lair:1   | Reached skill level 9 in Crossbows
 12031 | Lair:1   | You fall through a shaft!
 12445 | Lair:2   | Noticed Fannar
 12556 | Lair:3   | Mangled by a crocodile

Action                   |  1- 3 |  4- 6 |  7- 9 | 10-12 || total
-------------------------+-------+-------+-------+-------++-------
Melee: Whip              |       |    28 |   115 |       ||   143
       Quarterstaff      |       |       |   308 |   388 ||   696
 Fire: Hand crossbow     |    65 |    97 |    44 |    35 ||   241
       Shortbow          |       |       |       |     5 ||     5
Invok: Upheaval          |       |       |       |     9 ||     9
       Elemental Force   |       |       |       |     1 ||     1
 Abil: Dig               |       |       |     1 |     5 ||     6
       Shaft Self        |       |       |       |     1 ||     1
Evoke: Wand              |       |       |     9 |    16 ||    25
  Use: Potion            |       |     3 |    19 |     5 ||    27
       Scroll            |       |     7 |     2 |     6 ||    15
 Stab: Paralysed         |       |       |     1 |     5 ||     6
       Petrifying        |       |       |     1 |       ||     1
  Eat: Meat ration       |       |     1 |     1 |     2 ||     4
       Bread ration      |       |       |     2 |       ||     2
       Pizza             |       |       |     1 |     2 ||     3
       Beef jerky        |       |       |     2 |     1 ||     3
       Fruit             |       |       |       |     4 ||     4
